 Dungeon Crawl Stone Soup version 0.30.0-17-ge0270778cf (webtiles) character file.

Game seed: 3227647478829536822

2596 ratkingdom the Cutter (level 9, -2/58 HPs)
             Began as a Djinni Gladiator on May 16, 2023.
             Was a Priest of Hepliaklqana.
             Slain by a yak (5 damage)
             ... on level 9 of the Dungeon on May 22, 2023.
             The game lasted 00:32:23 (4297 turns).

ratkingdom the Cutter (Djinni Gladiator)            Turns: 4297, Time: 00:32:24

Health: -2/58      AC: 16    Str: 17    XL:     9   Next: 89%
Gold:   206        EV:  6    Int: 10    God:    Hepliaklqana [***...] SH:  5 Dex: 15

rFire   + + .        k - +2 rapier (venom)
rCold   x . .        t - +0 buckler
rNeg    . . .        q - +0 plate armour
rPois   ∞            c - +0 helmet
rElec   .            (no cloak)
rCorr   .            H - +1 pair of gloves
SInv    .            (boots unavailable)
Will    .....        (no amulet) Stlth
                     (no ring)
HPRegen 0.29/turn    (no ring)
MPRegen 0.00/turn

%: infuse magic (-3 HP)
@: flying
A: reduced essence, sickness immunity, fire resistance 2, cold vulnerability 1,
float, innate caster, HP casting, extra vitality 1
a: Renounce Religion, Ancestor Life: Knight, Ancestor Life: Battlemage, Ancestor
Life: Hexer, Recall Ancestor, Ancestor Identity, Transference


You were on level 9 of the Dungeon.
You worshipped Hepliaklqana.
Hepliaklqana was most pleased with you.
You visited 1 branch of the dungeon, and saw 7 of its levels.
You also visited: Sewer.

You collected 206 gold pieces.

Inventory:

Hand Weapons
 a - a +0 trident
 k - a +2 rapier of venom (weapon)
Missiles
 d - a throwing net (quivered)
 e - a javelin
 g - 67 stones
Armour
 b - a +0 leather armour
 c - a +0 helmet (worn)
 p - a +0 ring mail
 q - a +0 plate armour (worn)
 t - a +0 buckler (worn)
 H - a +1 pair of gloves (worn)
Jewellery
 y - an amulet of guardian spirit
Wands
 n - a wand of flame (10)
 D - a wand of roots (21)
Scrolls
 f - 2 scrolls of torment {unknown}
 h - 2 scrolls of fear {unknown}
 i - a scroll of poison
 j - a scroll of enchant weapon {unknown}
 l - a scroll of amnesia {unknown}
 m - a scroll of enchant armour {unknown}
 o - 5 scrolls of magic mapping {unknown}
 s - 4 scrolls of identify
 w - a scroll of noise {unknown}
 x - 2 scrolls of butterflies {unknown}
 E - a scroll of vulnerability {unknown}
 G - 3 scrolls of teleportation {unknown}
Potions
 r - 2 potions of might {unknown}
 u - 2 potions of magic
 v - 2 potions of heal wounds {unknown}
 z - a potion of haste
 A - a potion of experience {unknown}
 B - 2 potions of curing {unknown}
 C - 2 potions of flight {unknown}
 F - a potion of attraction {unknown}
 I - a potion of ambrosia {unknown}


   Skills:
 + Level 5.2 Fighting
 + Level 7.3 Short Blades
 + Level 3.1 Polearms
 + Level 2.0 Throwing
 + Level 6.6 Armour
 + Level 4.2 Dodging
 + Level 1.1 Stealth
 + Level 2.7 Shields


You knew the following spells:

 Your Spells              Type           Power      Damage    Failure   Level
a - Beastly Appendage     Tmut           0%         N/A       100%        1
b - Scorch                Fire           0%         2d5       100%        2
c - Ensorcelled Hibernat  Hex/Ice        0%         N/A       100%        2
d - Ignite Poison         Fire/Tmut/Pois 0%         N/A       100%        3
Your spell library was empty.


Dungeon Overview and Level Annotations

Branches:
Dungeon (9/15)              Sewer (visited)
 Temple: D:4-7         Lair: D:8-11         Orc: D:9-12

Altars:
Gozag
Hepliaklqana
Wu Jian
Xom

Shops:
D:3 ?


Innate Abilities, Weirdness & Mutations

Your life essence is reduced to manifest your ancestor. (-10% HP)
You are immune to sickness and miasma.
You are immune to poison.
Your flesh is very heat resistant. (rF++)
You are vulnerable to cold. (rC-)
You float through the air rather than walking.
You learn spells naturally, not from books.
Your magical power is your life essence.
You have superior vitality. (+4 MHP)


Message History

The yak is lightly wounded.
The yak gores Libusa!
The yak barely misses you. You block the yak's attack.
Libusa closely misses the yak.
You barely miss the yak.
The yak is lightly wounded.
The yak gores Libusa!
The yak gores you! The yak gores you.
Libusa hits the yak but does no damage.
You hit the yak.
The yak looks as sick as possible!
The yak is lightly wounded.
The yak gores Libusa!
Libusa is destroyed!
The yak gores you! The yak barely misses you.
The yak bellows!
You hit the yak.
The yak looks as sick as possible!
The yak is moderately wounded.
The yak gores you. The yak closely misses you. You block the yak's attack.
You hit the yak.
The yak looks as sick as possible!
The yak is heavily wounded.
The yak closely misses you. The yak gores you but does no damage.
The yak gores you.
You puncture the yak!
The yak is severely wounded.
The yak gores you! You block the yak's attack. The yak gores you.
* * * LOW HITPOINT WARNING * * *
You hit the yak.
The yak looks as sick as possible!
The yak is almost dead.
You kill the yak!
The yak gores you.
* * * LOW HITPOINT WARNING * * *
The yak barely misses you.
You hit the yak.
The yak is lightly wounded.
The yak gores you but does no damage. The yak gores you.
* * * LOW HITPOINT WARNING * * *
The yak gores you!
* * * LOW HITPOINT WARNING * * *
You block the yak's attack. The yak gores you but does no damage.
The yak looks more healthy.
The yak attacks as you move away! The yak gores you.
You die...

.......# #........# #.# ##.#####
#####'#### #.# #.# ###.# #.# #..
#...# #.# ### #.### #####'##
####'#########....... ######+##
#.........#..'....... ........#
###..Y).....#.##....... ........#
#.'.YY@.....#.##.>.....
........##..#..Y......#.##.......
........##. #.........#.##.......
........+. #.........'.##.......
........# #.........###########
........# #.........# ###+#####
########### ###.# #...


You could see 4 yaks.

Vanquished Creatures
  A yak (D:9)
  A wyvern (D:7)
  A steam dragon (D:4)
  An ogre (D:4)
  A centaur (D:7)
  3 kobold brigands
  2 bullfrogs
  2 scorpions
  2 wights (D:8)
  4 killer bees (D:9)
  A hound (D:4)
  4 jellies
  An iguana (D:4)
  An orc wizard (D:8)
  8 gnolls
  7 adders
  5 river rats (Sewer)
  A shadow imp (D:4)
  3 worms
  A dart slug (D:1)
  9 orcs
  10 ball pythons
  6 endoplasms
  6 giant cockroaches
  4 goblins
  5 hobgoblins
  5 jackals
  20 kobolds
  A quokka (D:4)
  3 bats
  4 frilled lizards
  11 rats
134 creatures vanquished.

Vanquished Creatures (collateral kills)
  An orc warrior (D:8)
  A centaur (D:9)
  A phantom (D:4)
  2 bullfrogs (Sewer)
  A kobold brigand (D:8)
  2 wights (D:8)
  A killer bee (D:9)
  A howler monkey (D:4)
  An iguana (D:4)
  An orc wizard (D:8)
  3 gnolls
  3 adders
  4 orcs
  8 ball pythons
  3 endoplasms
  2 hobgoblins
  A jackal (D:3)
  A bat (D:3)
  A frilled lizard (Sewer)
  4 kobolds (D:8)
  14 rats (Sewer)
56 creatures vanquished.

Vanquished Creatures (others)
  3 ancestors
3 creatures vanquished.

Grand Total: 193 creatures vanquished

Notes
Turn   | Place    | Note
-------+----------+-------------------------------------------
     0 | D:1      | ratkingdom the Djinni Gladiator began the quest for the
                  | Orb.
     0 | D:1      | Reached XP level 1. HP: 18/18 MP: 0/0
   150 | D:1      | Reached XP level 2. HP: 15/23 MP: 0/0
   328 | D:1      | Upgraded the game from 0.30.0-11-gf55b779eaf to
                  | 0.30.0-15-g856e2d3f33
   443 | D:1      | Reached XP level 3. HP: 28/28 MP: 0/0
   443 | D:1      | Learned a level 1 spell: Beastly Appendage
   711 | D:2      | Found a faded altar of an unknown god.
   745 | D:2      | Prayed at the altar of an unknown god.
   745 | D:2      | Became a worshipper of Hepliaklqana the Forgotten
   745 | D:2      | Reached * piety under Hepliaklqana
   966 | D:2      | Reached XP level 4. HP: 24/29 MP: 0/0
  1081 | D:3      | Reached skill level 1 in Short Blades
  1178 | D:3      | Found a large runed translucent door.
  1179 | D:3      | Found a large runed translucent door.
  1202 | D:3      | Reached skill level 1 in Armour
  1202 | D:3      | Reached XP level 5. HP: 23/34 MP: 0/0
  1202 | D:3      | Learned a level 2 spell: Scorch
  1212 | D:3      | Found a shimmering altar of Xom.
  1305 | D:3      | Upgraded the game from 0.30.0-15-g856e2d3f33 to
                  | 0.30.0-17-ge0270778cf
  1361 | D:3      | Found Deeclof's Magic Scroll Emporium.
  1612 | D:4      | Reached skill level 2 in Short Blades
  1612 | D:4      | Reached XP level 6. HP: 16/38 MP: 0/0
  1686 | D:4      | Reached ** piety under Hepliaklqana
  1728 | D:4      | Found a glowing drain.
  1736 | Sewer    | Entered a sewer
  1912 | Sewer    | Reached skill level 3 in Short Blades
  1988 | Sewer    | Reached XP level 7. HP: 16/44 MP: 0/0
  1988 | Sewer    | Learned a level 2 spell: Ensorcelled Hibernation
  2110 | D:4      | Reached skill level 4 in Short Blades
  2319 | D:4      | Noticed a steam dragon
  2328 | D:4      | Killed a steam dragon
  2328 | D:4      | HP: 2/45 [iguana (6)]
  2329 | D:4      | Reached skill level 1 in Shields
  2329 | D:4      | Reached XP level 8. HP: 2/50 MP: 0/0
  2578 | D:4      | Found an opulent altar of Gozag.
  2584 | D:4      | You are sucked into a shaft and drop 3 floors!
  2721 | D:7      | Reached skill level 5 in Short Blades
  2976 | D:7      | Noticed a wyvern
  2990 | D:7      | Killed a wyvern
  2991 | D:7      | Reached skill level 1 in Stealth
  2991 | D:7      | Reached XP level 9. HP: 20/56 MP: 0/0
  2991 | D:7      | Learned a level 3 spell: Ignite Poison
  3090 | D:8      | Reached skill level 6 in Short Blades
  3156 | D:8      | Reached *** piety under Hepliaklqana
  3176 | D:8      | Reached skill level 5 in Armour
  3275 | D:8      | Found an ornate altar of the Wu Jian Council.
  3390 | D:8      | Reached skill level 5 in Fighting
  3648 | D:8      | Reached skill level 7 in Short Blades
  4293 | D:9      | HP: 2/58 [yak (7)]
  4297 | D:9      | Slain by a yak

Illustrated notes

Levels and vault maps discovered:
D:1:      tekkud_arrival_beachfront_property, layout_basic
D:2:      layout_basic, hellmonk_ecumenical_altar_prayer_group, kennysheep_nub
D:3:      due_chaos_kobolds, layout_basic, serial_shops, shop,
          reono_crystal_passage
D:4:      layout_loops_ring, nicolae_gozag_seed_capital,
          gammafunk_ghost_nasty_kobolds, gup_sewer_entry_spiral
D:7:      layout_loops_cross
D:8:      layout_rooms, nzn_wu_jian_council_hall
D:9:      layout_roguey, mainiacjoe_overflow_brackets

Skill      XL: |  1  2  3  4  5  6  7  8  9 |
---------------+----------------------------+-----
Throwing       | 2 |  2.0
Polearms       | 3 |  3.1
Short Blades   | 1 2 3 4 5 7 |  7.3
Armour         | 1 2 3 4 6 |  6.6
Dodging        | 4 |  4.2
Fighting       | 3 4 5 |  5.2
Shields        | 1 2 |  2.7
Stealth        | 1 |  1.1

Action                     |  1- 3 |  4- 6 |  7- 9 || total
---------------------------+-------+-------+-------++-------
  Melee: Trident           |    17 |       |       ||    17
         Rapier            |    41 |   141 |   240 ||   422
  Throw: Throwing net      |     2 |     1 |       ||     3
 Invoke: Recall Ancestor   |       |       |     1 ||     1
  Evoke: Wand              |       |       |     1 ||     1
    Use: Scroll            |     1 |       |       ||     1
         Potion            |       |     1 |     5 ||     6
   Stab: Sleeping          |       |     1 |       ||     1
         Distracted        |       |       |     1 ||     1
 Armour: Leather armour    |    19 |     2 |       ||    21
         Plate armour      |       |   119 |   180 ||   299
  Dodge: Dodged            |    42 |    36 |    81 ||   159
  Block: Buckler           |       |    20 |    75 ||    95
